 Dungeon Crawl Stone Soup version 0.30-a0-723-gc1506a1cf0 (webtiles) character file.

Game seed: 8507686698146996749

394 ASSMAN the Insei (level 6, -3/43 HPs)
             Began as a Demonspawn Transmuter on Jan 28, 2023.
             Was a Priest of Fedhas.
             Slain by an ogre
             ... wielding a +0 giant spiked club
              (14 damage)
             ... on level 4 of the Dungeon.
             The game lasted 00:04:13 (3928 turns).

ASSMAN the Insei (Demonspawn Transmuter)            Turns: 3928, Time: 00:04:14

Health: -3/43      AC:  3    Str: 16    XL:     6   Next: 52%
Magic:  6/9        EV: 12    Int: 16    God:    Fedhas [***...]
Gold:   253        SH:  0    Dex: 14    Spells: 8/9 levels left

rFire   . . .      SeeInvis .      - Unarmed
rCold   . . .      Faith    .    (no shield)
rNeg    . . .      Spirit   .    a - +0 robe
rPois   .          Reflect  .    (helmet restricted)
rElec   .          Harm     .    (no cloak)
rCorr   .          Rampage  .    (no gloves)
Will    .....                    k - +0 pair of boots
Stlth   +                        (no amulet)
HPRegen 0.27/turn                c - +6 ring of strength
MPRegen 0.11/turn                (no ring)

@: no status effects
A: horns 1, powered by death 1, demonic magic 1
a: Renounce Religion, Wall of Briars, Grow Ballistomycete


You were on level 4 of the Dungeon.
You worshipped Fedhas.
Fedhas was most pleased with you.
You visited 1 branch of the dungeon, and saw 4 of its levels.

You collected 253 gold pieces.

Inventory:

Armour
 a - a +0 robe (worn)
 k - a +0 pair of boots (worn)
Magical Staves
 r - a staff of death
Jewellery
 c - a +6 ring of strength (left hand)
Wands
 u - a wand of paralysis (3)
Scrolls
 b - a scroll of fear {unknown}
 e - 4 scrolls of identify {unknown}
 g - 2 scrolls of vulnerability {unknown}
 h - 2 scrolls of blinking {unknown}
 i - a scroll of acquirement {unknown}
 j - a scroll of butterflies {unknown}
 l - a scroll of enchant weapon {unknown}
 m - a scroll of teleportation {unknown}
 o - a scroll of fog {unknown}
 q - a scroll of enchant armour {unknown}
 t - a scroll of torment {unknown}
 v - a scroll of silence {unknown}
 w - a scroll of noise {unknown}
Potions
 d - a potion of resistance {unknown}
 f - a potion of berserk rage {unknown}
 n - a potion of might {unknown}
 p - 2 potions of mutation {unknown}
 s - 4 potions of curing {unknown}
 x - a potion of haste {unknown}


   Skills:
 - Level 1.0 Fighting
 - Level 1.7 Dodging
 + Level 6.8 Unarmed Combat
 - Level 2.0 Spellcasting
 - Level 1.7 Transmutations


You had 8 spell levels left.
You knew the following spells:

 Your Spells              Type           Power      Damage    Failure   Level
a - Beastly Appendage     Tmut           14%        N/A       10%         1

Your spell library contained the following spells:

 Spells                   Type           Power      Damage    Failure   Level
 Wereblood                Tmut           7%         N/A       16%         2
 Shock                    Conj/Air       4%         1d3       21%         1
 Searing Ray              Conj           2%         2d4       30%         2
 Spider Form              Tmut/Pois      4%         N/A       41%         3
 Swiftness                Air            1%         N/A       52%         3
 Vhi's Electric Charge    Tloc/Air       2%         N/A       52%         3
 Ice Form                 Ice/Tmut       4%         N/A       82%         4
 Animate Dead             Necr           1%         N/A       90%         4
 Arcjolt                  Conj/Air       0%         1d10      99%         5
 Borgnjor's Vile Clutch   Necr/Erth      0%         N/A       99%         5
 Fireball                 Conj/Fire      0%         3d3       99%         5
 Death Channel            Necr           0%         N/A       100%        6
 Iron Shot                Conj/Erth      0%         9d1       100%        6
 Starburst                Conj/Fire      0%         6d3       100%        6
 Maxwell's Capacitive Co  Air            0%         ∞         100%        8


Dungeon Overview and Level Annotations

Branches:
Dungeon (4/15)             Temple (0/1) D:4

Altars:
Fedhas
Gozag
Hepliaklqana
Makhleb
Okawaru
Ru
Sif Muna
Wu Jian

Shops:
D:3 *   D:4 !


Innate Abilities, Weirdness & Mutations

You have a pair of small horns on your head.
You regenerate a little health from kills.
Spells you cast may paralyse adjacent enemies.


Message History

There is an open door here.
There is an open door here.
Key pressed, stopping explore.
No target in view!
You open the door.
Found an escape hatch in the ceiling.
No target in view!
There is an open door here.
You open the door.
There is an open door here.
Key pressed, stopping explore.
No target in view!
p - 2 fizzy brown potions (gained 1)
You open the door.
Found 5 stones.
No target in view!
There is an open door here.
You open the door.
An ogre comes into view. It is wielding a +0 giant spiked club.
There is an open door here.
An ogre is nearby!
An ogre is nearby!
An ogre is nearby!
An ogre is nearby!
The helpless ogre fails to defend itself.
You hit the ogre. Your headbutt misses the ogre.
The ogre is lightly wounded.
The ogre hits you with a +0 giant spiked club!!
Ouch! That really hurt!
* * * LOW HITPOINT WARNING * * *
An ogre is nearby!
You are too injured to fight recklessly!
An ogre is nearby!
You are too injured to fight recklessly!
Okay, then.
A briar patch grows up from the ground. x7
You walk carefully through the plants.
The ogre attacks as you move away!
The ogre hits you with a +0 giant spiked club!
You die...
Fedhas appreciates your contribution to the ecosystem.

# ####.........####'#............
#.........#....#............
#.........#....#..†.........
#.........#....#............
#.........#....#............ +#
#.........######............ ..
........###....#......###'## ..
........'.PPP..#......#..(.. ..
........#.P@P..#......#..... ..
........#.PPO..#......#..... ..
........########......######
##############..#.....###'##.....
......#.........#.....#....#.....
......#.........#.....#....'.....
......#.........#.....#....#.....
......#.........#.....#....#.....
......#.........#.....#....#...[.


You could see an ogre (ally target).

Vanquished Creatures
  A black bear (D:4)
  2 phantoms (D:4)
  4 adders
  2 worms (D:2)
  7 dart slugs
  5 orcs
  6 endoplasms
  3 giant cockroaches
  7 goblins
  4 hobgoblins
  4 jackals (D:2)
  4 quokkas
  3 ball pythons
  10 bats
  3 frilled lizards (D:2)
  6 kobolds
  25 rats
96 creatures vanquished.

Notes
Turn   | Place    | Note
-------+----------+-------------------------------------------
     0 | D:1      | ASSMAN the Demonspawn Transmuter began the quest for the
                  | Orb.
     0 | D:1      | Reached XP level 1. HP: 15/15 MP: 3/3
    35 | D:1      | Got Sif Muna's Information on Lethal Geomancy
    78 | D:1      | Found a faded altar of an unknown god.
    92 | D:1      | Prayed at the altar of an unknown god.
    92 | D:1      | Became a worshipper of Fedhas Madash
    92 | D:1      | Reached * piety under Fedhas
   103 | D:1      | Reached skill level 3 in Unarmed Combat
   191 | D:1      | Gained mutation: You regenerate a little health from kills.
                  | [demonic ancestry]
   191 | D:1      | Reached XP level 2. HP: 21/21 MP: 5/5
   585 | D:1      | Reached XP level 3. HP: 21/26 MP: 6/6
  1051 | D:2      | Reached skill level 4 in Unarmed Combat
  1175 | D:2      | Reached ** piety under Fedhas
  1585 | D:2      | Reached XP level 4. HP: 32/32 MP: 7/7
  1895 | D:3      | Reached *** piety under Fedhas
  2088 | D:3      | Found an iron altar of Okawaru.
  2369 | D:3      | Found an ornate altar of the Wu Jian Council.
  2369 | D:3      | Found a burning altar of Makhleb.
  2371 | D:3      | Found a shimmering blue altar of Sif Muna.
  2371 | D:3      | Found a hazy altar of Hepliaklqana.
  2373 | D:3      | Found an opulent altar of Gozag.
  2373 | D:3      | Found a blossoming altar of Fedhas.
  2383 | D:3      | Found a sacrificial altar of Ru.
  2573 | D:3      | Found Kecre Xyph's General Store.
  3070 | D:3      | Reached skill level 5 in Unarmed Combat
  3208 | D:4      | Noticed a black bear
  3222 | D:4      | Killed a black bear
  3223 | D:4      | Gained mutation: Spells you cast may paralyse adjacent
                  | enemies. [demonic ancestry]
  3223 | D:4      | Reached XP level 5. HP: 12/37 MP: 8/8
  3227 | D:4      | Noticed a phantom
  3234 | D:4      | Killed a phantom
  3235 | D:4      | Reached skill level 6 in Unarmed Combat
  3235 | D:4      | Gained mutation: You have a pair of small horns on your
                  | head. [demonic ancestry]
  3235 | D:4      | Reached XP level 6. HP: 20/43 MP: 9/9
  3351 | D:4      | Identified the +0 dagger of Vurad {speed, *Slow Fly rElec
                  | rCorr Str+3}
  3475 | D:4      | Got the Commentary on Ozone
  3697 | D:4      | Found Kobi Kumn's Distillery.
  3755 | D:4      | Found a staircase to the Ecumenical Temple.
  3928 | D:4      | Slain by an ogre

Illustrated notes

Levels and vault maps discovered:
D:1:      dpeg_arrival_court, layout_loops_ring, basic_ecumenical_altar
D:2:      layout_loops_ring, minmay_rat_hole
D:3:      layout_basic, mainiacjoe_overflow_cross_hatched,
          nicolae_ru_path_of_blood, grunt_temple_overflow_open,
          serial_co_window_serial, co_window_corner_a, co_window_corner_a,
          co_window_corner_a, co_window_of_opportunity_a, co_window_corner_a,
          co_window_paths_b, co_window_paths_a, co_window_unsneaky_path_d,
          co_window_paths_c, co_window_corner_cb, co_window_unsneaky_path_e,
          co_window_paths_c, co_window_4corner_b, co_window_paths_d,
          glass_columns_a, glass_columns_c, glass_columns_a, glass_columns_c,
          glass_columns_b, serial_shops, shop
D:4:      layout_gridville, minmay_temple_entry_stoned_glass, serial_shops,
          shop, hangedman_abyss_or_decor_lesser_grid

Skill      XL: |  1  2  3  4  5 |
---------------+----------------+-----
Unarmed Combat | 3 4 5 6 |  6.8
Fighting       | |  1.0
Dodging        | |  1.7
Spellcasting   | |  2.0
Transmutations | |  1.7

Action                     |  1- 3 |  4- 6 || total
---------------------------+-------+-------++-------
  Melee: Unarmed           |   141 |   149 ||   290
         Headbutt          |    10 |     8 ||    18
         Kick              |     7 |     9 ||    16
         Punch             |     3 |     4 ||     7
   Cast: Beastly Appendage |    11 |     6 ||    17
 Invoke: Wall of Briars    |       |     1 ||     1
    Use: Potion            |       |     1 ||     1
   Stab: Sleeping          |     4 |     6 ||    10
 Armour: Robe              |    26 |    18 ||    44
         Skin              |       |     7 ||     7
  Dodge: Dodged            |    84 |    84 ||   168

Table legend: (Time is in decaauts)
 A = Elapsed time spent in this place.
 B = Non-inter-level travel time spent in this place.
 C = Inter-level travel time spent in this place.
 D = Time resting spent in this place.
 E = Time spent auto-exploring this place.
 F = Levels seen in this place.
 G = Mean time per level.
                   A        B        C        D        E       F      G
               +--------+--------+--------+--------+--------+-----+--------+
         Total |   3903 |   3749 |    154 |    270 |   2853 |   4 |  975.8 |
       Dungeon |   3903 |   3749 |    154 |    270 |   2853 |   4 |  975.8 |
               +--------+--------+--------+--------+--------+-----+--------+

Top non-repeatable levels by time:
     D:3: 1324 daAuts
     D:1: 1016 daAuts
     D:2: 841 daAuts
     D:4: 721 daAuts
